cohdb
Replays
Latest Replays
All Replays
Popular Replays
Top Player Replays
Match Explorer
How It Works
Community
CoH3 Stats
Reddit
Sign in to upload your games and track your stats! →
Sign in with Steam
Match 42560175
Unlisted
Match 42560175
Overview
Messages
Build Orders
End
Selects Airborne Battlegroup
Selects Heavy Machine Gun Paradrop
Construct Barracks
Scout Squad
Riflemen Squad
Riflemen Squad
Grenade Package
Construct Medical Station
Riflemen Squad
M1 Mortar Team
Selects Paratrooper Squad Paradrop
Infantry Support Center
Selects Anti-tank Gun Team Paradrop
Heavy Machine Gun Paradrop
Munitions Surplus
Selects Smoke Bombing Run
Riflemen Squad
Anti-tank Gun Team Paradrop
Advanced Logistics
M1918 Browning Automatic Rifles
Mika
Nubbl0r
0
0
Comments
sign in to comment!
No comments posted yet!